 Dungeon Crawl Stone Soup version 0.30-a0-170-g85af917532 (webtiles) character file.

Game seed: 13622365251492510559

12943 KennySheep the Spear-Bearer (level 12, 0/67 HPs)
             Began as a Tengu Delver on Sept 30, 2022.
             Was a High Priest of Hepliaklqana.
             Slain by a death yak simulacrum (20 damage)
             ... in an ice cave.
             The game lasted 00:27:55 (10677 turns).

KennySheep the Spear-Bearer (Tengu Delver)         Turns: 10677, Time: 00:27:55

Health: 0/67       AC: 24    Str: 13 (14) XL:     12   Next: 0%
Magic:  26/26      EV:  8    Int: 11 (12) God:    Hepliaklqana [*****.]
Gold:   681        SH:  0    Dex: 19      Spells: 11/11 levels left

rFire   + . .      SeeInvis .    a - +2 demon trident (venom)
rCold   . . .      Faith    .    (no shield)
rNeg    . . .      Spirit   .    o - +3 plate armour
rPois   +          Reflect  .    D - +2 hat
rElec   .          Harm     .    (no cloak)
rCorr   .          Rampage  .    m - +0 pair of gloves
Will    .....      Clarity  +    (boots unavailable)
Stlth   ..........               E - amulet of the acrobat
HPRegen 0.21/turn                z - ring "Acirukut" {rPois rF+ MP+9 Str-2 Dex+3}
MPRegen 0.20/turn                w - +4 ring of protection

@: flying quickly and evasively, studying Polearms, quick
A: reduced essence, beak, talons 3, nimble flight, clarity
a: Renounce Religion, Recall Ancestor, Ancestor Identity, Transference, Idealise


You were in an ice cave.
You worshipped Hepliaklqana.
Hepliaklqana was extremely pleased with you.
You visited 1 branch of the dungeon, and saw 11 of its levels.
You also visited: Ice Cave.

You collected 681 gold pieces.

Inventory:

Hand Weapons
 a - a +2 demon trident of venom (weapon)
 i - a +0 falchion
 l - a +1 vorpal sling
Armour
 m - a +0 pair of gloves (worn)
 o - a +3 plate armour (worn)
 D - a +2 hat (worn)
Jewellery
 w - a +4 ring of protection (right hand)
 y - a ring of positive energy
 z - the ring "Acirukut" (left hand) {rPois rF+ MP+9 Str-2 Dex+3}
   (You found it on level 4 of the Dungeon)

   [ring of poison resistance]

   Str:       It affects your strength (-2).
   Dex:       It affects your dexterity (+3).
   rF:        It protects you from fire.
   rPois:     It protects you from poison.
   MP:        It affects your magic capacity (+9).
 E - an amulet of the acrobat (around neck)
 L - a ring of ice
Wands
 g - a wand of digging (3)
 h - a wand of paralysis (4)
 v - a wand of flame (16)
 C - a wand of mindburst (21)
Scrolls
 b - 2 scrolls of amnesia
 c - 2 scrolls of fog
 d - 3 scrolls of magic mapping
 e - 4 scrolls of fear
 j - 3 scrolls of immolation
 k - 4 scrolls of teleportation
 p - 2 scrolls of poison
 s - a scroll of silence
 I - a scroll of vulnerability
 J - a scroll of enchant armour
 K - a scroll of enchant weapon
 N - a scroll of blinking
Potions
 f - 2 potions of haste
 q - 7 potions of curing
 r - 3 potions of lignification
 t - 3 potions of degeneration
 u - a potion of might
 x - 4 potions of attraction
 A - a potion of brilliance {unknown}
 B - a potion of heal wounds
 F - a potion of cancellation
 G - a potion of mutation
 M - a potion of ambrosia


   Skills:
 + Level 8.7 Fighting
 - Level 2.1 Long Blades
 * Level 14.0 Polearms
 + Level 8.9 Armour
 + Level 8.8 Dodging
 - Level 5.1 Stealth
 + Level 5.4 Invocations


You had 11 spell levels left.
You didn't know any spells.
Your spell library contained the following spells:

 Spells                   Type           Power      Damage    Failure   Level
 Ensorcelled Hibernation  Hex/Ice        0%         N/A       100%        2
 Hailstorm                Conj/Ice       0%         3d3       100%        3
 Spider Form              Tmut/Pois      0%         N/A       100%        3
 Anguish                  Hex/Necr       0%         N/A       100%        4
 Ice Form                 Ice/Tmut       0%         N/A       100%        4
 Simulacrum               Ice/Necr       0%         N/A       100%        6


Dungeon Overview and Level Annotations

Branches:
Dungeon (11/15)            Temple (0/1) D:7            Lair (0/5) D:10
    Orc (0/2) D:10          IceCv (1/1)

Altars:
Cheibriados
Dithmenos
Fedhas
Gozag
Hepliaklqana
Okawaru
Qazlal
Sif Muna
Uskayaw
Xom

Annotations:
IceCv exclusion: ice statue


Innate Abilities, Weirdness & Mutations

Your life essence is reduced to manifest your ancestor. (-10% HP)
You have a beak for a mouth.
You have claws for feet.
Your magical nature lets you fly swiftly and evasively.
You possess an exceptional clarity of mind.


Message History

Your peck misses the ice beast.
The ice beast is moderately wounded.
The ice beast hits you but does no damage. x2
You closely miss the ice beast. Your kick misses the ice beast.
The ice beast is moderately wounded.
You puncture the ice beast!
The ice beast looks as sick as possible!
Your kick misses the ice beast.
You peck the ice beast, but do no damage.
The ice beast is severely wounded.
The ice beast hits you but does no damage. x2
You hit the ice beast. You claw the ice beast.
You kill the ice beast!
The ice beast disappears in a puff of smoke!
You hit the ice beast but do no damage. You claw the ice beast.
You peck the ice beast.
The ice beast is lightly wounded.
The ice beast barely misses you.
You hit the ice beast.
The ice beast is poisoned.
You claw the ice beast.
The ice beast is moderately wounded.
The ice beast hits you but does no damage.
You hit the death yak simulacrum but do no damage.
You peck the death yak simulacrum, but do no damage.
The death yak simulacrum gores you! The death yak simulacrum freezes you!!
The ice beast barely misses you.
Reach: a) +2 demon trident (venom)
Press: ? - help, Dir - move target, f - death yak simulacrum
Aim: a death yak simulacrum (about 2% to evade your +2 demon trident of venom)
You reach to attack!
You hit the death yak simulacrum but do no damage.
The ice beast hits you but does no damage.
You puncture the death yak simulacrum! You peck the death yak simulacrum.
The death yak simulacrum is moderately damaged.
You puncture the death yak simulacrum!
You claw the death yak simulacrum, but do no damage.
The death yak simulacrum is heavily damaged.
The death yak simulacrum gores you!
* * * LOW HITPOINT WARNING * * *
The death yak simulacrum freezes you!!
You die...

####### ####### #####
#.....## ##..(..# ...8#
#......###......#......
#.......#.......#......
#.∩..∩.................
#.......#.......#......
#......###.ZY..(#......
#.....## ##.@(?$# ....#
####### ####### #####


You could see an ice beast (summoned, very poisoned) and a death yak simulacrum.

Vanquished Creatures
  Fannar (D:10)
  2 two-headed ogres
  An ugly thing (IceCv)
  A manticore (D:8)
  A kobold demonologist (D:8)
  Grinder (D:5)
  A hornet (D:9)
  A vampire (D:9)
  7 yaks
  2 shadows (D:10)
  Eustachio (D:6)
  A basilisk (D:11)
  2 steam dragons
  A two-headed ogre zombie (D:10)
  A water moccasin (D:9)
  Duvessa (D:6)
  4 orc warriors
  A hydra simulacrum (IceCv)
  A sky beast (D:7)
  An ogre (D:7)
  2 centaurs
  A phantom (D:10)
  8 kobold brigands (D:8)
  4 bullfrogs
  2 gnoll sergeants
  A scorpion (D:6)
  A cane toad simulacrum (IceCv)
  5 wights (D:7)
  Dowan (D:6)
  An elephant simulacrum (IceCv)
  5 killer bees (D:9)
  4 howler monkeys
  2 hounds
  5 orc priests
  A gnoll bouda (D:6)
  3 iguanas
  4 orc wizards
  A polar bear simulacrum (IceCv)
  4 ogre zombies (D:10)
  8 gnolls
  8 adders
  12 white imps
  2 ufetubi (D:6)
  5 worms
  3 dart slugs
  24 orcs
  4 bats
  4 endoplasms
  5 giant cockroaches
  7 goblins
  3 hobgoblins
  12 jackals
  5 quokkas
  9 ball pythons
  3 frilled lizards
  A goblin skeleton (D:10)
  4 goblin zombies (D:10)
  A hobgoblin zombie (D:10)
  9 kobolds
  An orc skeleton (D:10)
  9 orc zombies (D:10)
  10 rats
236 creatures vanquished.

Vanquished Creatures (collateral kills)
  Gastronok (D:8)
  A two-headed ogre (D:10)
  A troll (D:11)
  A vampire (D:9)
  A wyvern (D:10)
  3 yaks (D:10)
  A basilisk (D:10)
  An acid dragon (D:9)
  An ice beast (D:6)
  3 orc warriors
  2 black bears
  3 kobold brigands (D:8)
  A scorpion (D:5)
  A troll zombie (D:10)
  A hound (D:4)
  A jelly (D:6)
  2 orc priests (D:8)
  2 orc wizards
  2 ogre zombies (D:10)
  An adder (D:2)
  5 gnolls
  2 white imps (D:11)
  A worm (D:2)
  An orc (D:10)
  A hobgoblin (D:2)
  A jackal (D:3)
  A bat (D:2)
  4 goblin zombies (D:10)
  3 kobolds (D:8)
  An orc skeleton (D:10)
  4 orc zombies (D:10)
54 creatures vanquished.

Vanquished Creatures (others)
  4 hexers
4 creatures vanquished.

Grand Total: 294 creatures vanquished

Notes
Turn   | Place    | Note
-------+----------+-------------------------------------------
     0 | D:5      | KennySheep the Tengu Delver began the quest for the Orb.
     0 | D:5      | Reached XP level 1. HP: 14/14 MP: 2/2
   144 | D:3      | Reached skill level 1 in Polearms
   144 | D:3      | Reached XP level 2. HP: 9/19 MP: 3/3
   383 | D:4      | Reached skill level 1 in Armour
   383 | D:4      | Reached XP level 3. HP: 12/23 MP: 4/4
   571 | D:3      | Found a shimmering altar of Xom.
   612 | D:3      | Reached skill level 2 in Polearms
   655 | D:3      | Found the +3 hat of Pondering {ponderous, Will+ MP+10
                  | Int+5}
   823 | D:1      | Reached XP level 4. HP: 28/28 MP: 5/5
   842 | D:1      | Noticed a gargoyle
   842 | D:1      | Noticed a formicid
   844 | D:1      | Noticed a palentonga
   846 | D:1      | Noticed a formicid
   848 | D:1      | Noticed a ghoul
   848 | D:1      | Noticed a vampire
   850 | D:1      | Noticed a spriggan
   850 | D:1      | Noticed an elf
   852 | D:1      | Noticed a demonspawn
   852 | D:1      | Noticed a minotaur
   854 | D:1      | Noticed a meteoran
   854 | D:1      | Noticed a palentonga
   856 | D:1      | Noticed a human
   856 | D:1      | Noticed a naga
   858 | D:1      | Noticed a vine stalker
   858 | D:1      | Noticed a felid
   860 | D:1      | Noticed a merfolk
   862 | D:1      | Noticed an ogre
   862 | D:1      | Noticed a troll
   864 | D:1      | Noticed a tengu
   864 | D:1      | Noticed a draconian
   866 | D:1      | Noticed an octopode
   866 | D:1      | Noticed a gargoyle
  1116 | D:1      | Found a faded altar of an unknown god.
  1129 | D:1      | Prayed at the altar of an unknown god.
  1129 | D:1      | Became a worshipper of Hepliaklqana the Forgotten
  1129 | D:1      | Reached * piety under Hepliaklqana
  1785 | D:2      | Reached skill level 3 in Polearms
  1917 | D:2      | Gained mutation: Your magical nature lets you fly swiftly
                  | and evasively. [Tengu growth]
  1917 | D:2      | Reached XP level 5. HP: 28/29 MP: 6/6
  2751 | D:3      | Reached ** piety under Hepliaklqana
  2752 | D:3      | Remembered your ancestor Superbus as a hexer
  3046 | D:4      | Identified the ring "Acirukut" {rPois rF+ MP+9 Str-2 Dex+3}
  3338 | D:5      | Reached skill level 4 in Polearms
  3338 | D:5      | Reached XP level 6. HP: 27/34 MP: 7/7
  3433 | D:5      | Noticed a black bear
  3440 | D:5      | Killed a black bear
  3461 | D:5      | Identified the +3 leather armour "Noqison" {rPois rF+ rC-
                  | Dex+3}
  3473 | D:5      | Reached *** piety under Hepliaklqana
  3660 | D:5      | Reached XP level 7. HP: 39/39 MP: 8/8
  3752 | D:5      | Reached skill level 5 in Polearms
  3918 | D:5      | Found an iron altar of Okawaru.
  4183 | D:6      | Noticed Grinder
  4200 | D:5      | Killed Grinder
  4538 | D:6      | Reached skill level 5 in Fighting
  4538 | D:6      | Reached skill level 6 in Polearms
  4538 | D:6      | Reached XP level 8. HP: 42/44 MP: 9/9
  4664 | D:6      | Reached **** piety under Hepliaklqana
  4712 | D:6      | Noticed Duvessa
  4712 | D:6      | Noticed Dowan
  4716 | D:6      | Killed Dowan
  4722 | D:6      | Killed Duvessa
  4723 | D:6      | Reached skill level 7 in Polearms
  4854 | D:6      | Reached skill level 5 in Armour
  4879 | D:6      | Noticed Eustachio
  4894 | D:6      | Killed Eustachio
  4895 | D:6      | Reached skill level 5 in Dodging
  5111 | D:7      | Reached XP level 9. HP: 45/49 MP: 10/10
  5259 | D:7      | Found a staircase to the Ecumenical Temple.
  5564 | D:7      | Reached skill level 8 in Polearms
  5691 | D:7      | Reached skill level 1 in Invocations
  6193 | D:8      | Noticed a kobold demonologist
  6193 | D:8      | Noticed a manticore
  6202 | D:8      | Killed a manticore
  6203 | D:8      | Reached skill level 9 in Polearms
  6212 | D:8      | Killed a kobold demonologist
  6224 | D:8      | Reached XP level 10. HP: 26/54 MP: 12/12
  6803 | D:8      | Noticed Gastronok
  7098 | D:8      | Killed Gastronok
  7099 | D:8      | Reached skill level 10 in Polearms
  7494 | D:8      | Identified a scroll of acquirement
  7495 | D:8      | Acquired a manual of Polearms
  7625 | D:8      | Found a hide-covered altar of Uskayaw.
  8107 | D:9      | Reached ***** piety under Hepliaklqana
  8343 | D:9      | Noticed a two-headed ogre
  8352 | D:9      | Killed a two-headed ogre
  8353 | D:9      | Reached skill level 11 in Polearms
  8353 | D:9      | Reached XP level 11. HP: 61/61 MP: 15/15
  8695 | D:9      | Found a stormy altar of Qazlal.
  8697 | D:9      | Found an opulent altar of Gozag.
  8719 | D:9      | Found a shimmering blue altar of Sif Muna.
  8727 | D:9      | Found a blossoming altar of Fedhas.
  8770 | D:9      | Found a hazy altar of Hepliaklqana.
  9016 | D:10     | Entered Level 10 of the Dungeon
  9020 | D:10     | Noticed a two-headed ogre
  9027 | D:10     | Killed a two-headed ogre
  9028 | D:10     | Reached skill level 12 in Polearms
  9230 | D:10     | Noticed Fannar
  9244 | D:10     | Killed Fannar
  9323 | D:10     | Found a staircase to the Lair.
  9474 | D:10     | Found a staircase to the Orcish Mines.
  9747 | D:10     | Found a shadowy altar of Dithmenos.
  9749 | D:10     | Found a snail-covered altar of Cheibriados.
  9776 | D:10     | Reached skill level 13 in Polearms
  9780 | D:10     | Reached skill level 5 in Invocations
 10160 | D:11     | Gained mutation: You are frail. (-10% HP) [potion of
                  | mutation]
 10160 | D:11     | Gained mutation: A frigid envelope surrounds you and
                  | freezes all who hurt you. [potion of mutation]
 10160 | D:11     | Gained mutation: You have a pair of small horns on your
                  | head. [potion of mutation]
 10161 | D:11     | Lost mutation: A frigid envelope surrounds you and freezes
                  | all who hurt you. [potion of mutation]
 10161 | D:11     | Lost mutation: You have a pair of small horns on your head.
                  | [potion of mutation]
 10161 | D:11     | Lost mutation: You are frail. (-10% HP) [potion of
                  | mutation]
 10161 | D:11     | Gained mutation: You possess an exceptional clarity of
                  | mind. [potion of mutation]
 10420 | D:11     | Noticed a two-headed ogre
 10427 | D:11     | Killed a two-headed ogre
 10530 | D:11     | Found a frozen archway.
 10575 | IceCv    | Entered an ice cave
 10641 | IceCv    | Noticed a white ugly thing
 10656 | IceCv    | Killed a white ugly thing
 10657 | IceCv    | Reached skill level 14 in Polearms
 10657 | IceCv    | Reached XP level 12. HP: 67/67 MP: 17/17
 10677 | IceCv    | Slain by a death yak simulacrum

Illustrated notes

Levels and vault maps discovered:
D:1:      kb_arrival_jail, layout_basic, ebering_ecumenical_altar_sacrificial,
          serial_glass, glass_columns_b, glass_columns_b,
          amcnicky_mini_corridor_feature, chequers_serial_rivers_small_a
D:2:      layout_loops_ring
D:3:      layout_basic, mainiacjoe_overflow_cross_hatched
D:4:      layout_cave_pools, kennysheep_flooded_box, corexii_shack,
          ebering_dispersal_statue_hall
D:5:      layout_basic, mainiacjoe_overflow_chevrons,
          kennysheep_decorative_pillar
D:6:      layout_rooms, uniq_duvessa, uniq_grinder, uniq_eustachio
D:7:      layout_loops_corners, temple_fountains, chequers_serial_rivers_micro_a
D:8:      layout_layer_cave, mainiacjoe_overflow_boulevard, special_room
          [special_room_kobold], uniq_gastronok
D:9:      layout_basic, nicolae_hepliaklqana_hippocampus,
          mainiacjoe_overflow_big_doors, mainiacjoe_overflow_large_starburst,
          minmay_misc_feat_room
D:10:     layout_loops_cross, chequers_temple_overflow_statue_of_worship,
          david_lair_generic, zombieorc2_lemuel, uniq_fannar
D:11:     layout_roguey, portal_ice_cave_entry_imps, vehumet_altar_wand_db
IceCv:    ice_cave_statue_garden_chambered

Skill      XL: |  1  2  3  4  5  6  7  8  9 10 11 |
---------------+----------------------------------+-----
Polearms       | 1 2 3 4 6 7 9 11 14 | 14.0
Armour         | 1 2 3 4 5 6 7 8 |  8.9
Fighting       | 4 5 6 7 8 |  8.7
Dodging        | 3 4 5 6 7 8 |  8.8
Invocations    | 2 4 5 |  5.4
Long Blades    | |  2.1
Stealth        | |  5.1

Action                   |  1- 3 |  4- 6 |  7- 9 | 10-12 || total
-------------------------+-------+-------+-------+-------++-------
Melee: Demon trident     |    45 |   147 |   185 |   401 ||   778
       Kick              |     3 |    26 |    53 |   103 ||   185
       Peck              |     6 |    16 |    29 |    75 ||   126
       Punch             |       |       |       |     7 ||     7
Invok: Recall Ancestor   |       |     1 |       |     2 ||     3
       Ancestor Identity |       |     1 |       |       ||     1
       Ancestor Life: He |       |     1 |       |       ||     1
Evoke: Wand              |       |     2 |       |     5 ||     7
  Use: Scroll            |       |     4 |     4 |     8 ||    16
       Potion            |       |     2 |       |     5 ||     7
 Stab: Sleeping          |     7 |     1 |       |       ||     8
       Distracted        |       |     1 |     3 |     9 ||    13
       Confused          |       |     3 |     9 |     6 ||    18
Armor: Leather armour    |     4 |     2 |       |       ||     6
       Plate armour      |       |    70 |    70 |    93 ||   233
Dodge: Dodged            |    13 |    22 |    32 |    52 ||   119

Table legend: (Time is in decaauts)
 A = Elapsed time spent in this place.
 B = Non-inter-level travel time spent in this place.
 C = Inter-level travel time spent in this place.
 D = Time resting spent in this place.
 E = Time spent auto-exploring this place.
 F = Levels seen in this place.
 G = Mean time per level.
                   A        B        C        D        E       F      G
               +--------+--------+--------+--------+--------+-----+--------+
         Total |  10360 |  10025 |    335 |   1345 |   7053 |  12 |  863.3 |
       Dungeon |  10273 |   9938 |    335 |   1312 |   7053 |  11 |  933.9 |
      Ice Cave |     86 |     86 |      0 |     33 |      0 |   1 |   86.0 |
               +--------+--------+--------+--------+--------+-----+--------+

Top non-repeatable levels by time:
     D:8: 1570 daAuts
     D:7: 1266 daAuts
     D:5: 1145 daAuts
    D:10: 1026 daAuts
     D:1: 1012 daAuts
     D:9: 930 daAuts
     D:2: 840 daAuts
     D:4: 759 daAuts
     D:3: 730 daAuts
     D:6: 611 daAuts
    D:11: 380 daAuts
   IceCv: 86 daAuts
